 Dungeon Crawl Stone Soup version 0.29.1-1-gd02db6906a (webtiles) character file.

Game seed: 1015330166611508261

46 KamiKatze the Conjurer (level 3, -3/19 HPs)
             Began as a Deep Elf Conjurer on Oct 21, 2022.
             Succumbed to Sigmund's poison
             ... on level 2 of the Dungeon.
             The game lasted 00:04:31 (1055 turns).

KamiKatze the Conjurer (Deep Elf Conjurer)          Turns: 1055, Time: 00:04:32

Health: -3/19      AC:  2    Str:  4    XL:     3   Next: 44%
Magic:  3/10       EV: 12    Int: 24    God:
Gold:   28         SH:  0    Dex: 13    Spells: 6/9 levels left

rFire   . . .      SeeInvis .   c - +0 dagger
rCold   . . .      Faith    .   (no shield)
rNeg    + . .      Spirit   .   a - +0 robe
rPois   .          Reflect  .   (no helmet)
rElec   .          Harm     .   (no cloak)
rCorr   .          Rampage  .   (no gloves)
Will    .....                   (no boots)
Stlth   ++........              (no amulet)
HPRegen 0.06/turn               e - ring of positive energy
MPRegen 0.12/turn               (no ring)

@: lethally poisoned (-3 -> -22)
A: no striking features
a: no special abilities


You were on level 2 of the Dungeon.
You visited 1 branch of the dungeon, and saw 2 of its levels.

You collected 28 gold pieces.

Inventory:

Hand Weapons
 c - a +0 dagger (weapon)
Armour
 a - a +0 robe (worn)
Jewellery
 e - a ring of positive energy (left hand)
Scrolls
 d - a scroll of amnesia {unknown}
 g - a scroll of blinking {unknown}
 h - a scroll of fog {unknown}
Potions
 b - a potion of magic
 f - a potion of degeneration {unknown}


   Skills:
 + Level 2.6 Dodging
 + Level 2.7 Stealth
 * Level 3.6 Spellcasting
 * Level 4.7 Conjurations
 * Level 1.6 Hexes
 * Level 1.2 Translocations


You had 6 spell levels left.
You knew the following spells:

 Your Spells              Type           Power      Damage    Failure   Level
a - Magic Dart            Conj           100%       1d8       1%          1
b - Searing Ray           Conj           54%        2d6       2%          2

Your spell library contained the following spells:

 Spells                   Type           Power      Damage    Failure   Level
 Dazzling Flash           Conj/Hex       38%        N/A       9%          3
 Inner Flame              Hex/Fire       8%         N/A       22%         3
 Fulminant Prism          Conj/Hex       9%         3d7       26%         4
 Iskenderun's Mystic Bla  Conj/Tloc      18%        2d6       30%         4
 Cause Fear               Hex            6%         N/A       45%         4
 Discord                  Hex            6%         N/A       100%        8


Dungeon Overview and Level Annotations

Branches:
Dungeon (2/15)

Altars:

Annotations:
D:2 Sigmund


Message History

A rat comes into view.
Casting: Magic Dart (safe; 1% risk of failure)
Confirm with . or Enter, or press ? or * to list all spells.
Aiming: Magic Dart (safe; 1% risk of failure)
Press: ? - help, Shift-Dir - straight line, f - rat
Aim: a rat (asleep, 100% to hit)
The magic dart hits the rat!
You kill the rat!
You now have 28 gold pieces (gained 10).
Sigmund the Dreaded comes into view.
He is wielding a +2 scythe of venom.
Casting: Magic Dart (safe; 1% risk of failure)
Confirm with . or Enter, or press ? or * to list all spells.
Aiming: Searing Ray (safe; 2% risk of failure)
Press: ? - help, Shift-Dir - straight line, f - Sigmund
Aim: Sigmund, wielding a +2 scythe of venom and wearing a +0 robe (asleep, 100% to hit)
The searing ray hits Sigmund.
Sigmund is lightly wounded.
Sigmund shouts! (Press . to maintain the ray.)
The searing ray misses Sigmund.
The searing ray hits Sigmund.
Sigmund is moderately wounded.
Sigmund hits you from afar with a +2 scythe of venom!
Ouch! That really hurt!
* * * LOW HITPOINT WARNING * * *
You are lethally poisoned!
The searing ray hits Sigmund.
Sigmund is heavily wounded.
You finish channelling your searing ray.
* * * LOW HITPOINT WARNING * * *
You feel very sick.
Unknown command.
Casting: Searing Ray (safe; 2% risk of failure)
Confirm with . or Enter, or press ? or * to list all spells.
Aiming: Searing Ray (safe; 2% risk of failure)
Press: ? - help, Shift-Dir - straight line, f/p - Sigmund
Aim: Sigmund, wielding a +2 scythe of venom and wearing a +0 robe (heavily wounded, 77% to hit)
The searing ray misses Sigmund. (Press . to maintain the ray.)
You die...

##.#.#.##... #.
##.###..###.##
+...####.## ##.###.#
#.......## ##...
#....#.#.## #.....
#......##.###.#.####
#....######.#.##.#####
...# #####..#.......
.. #....@.@..# #
#...........#
###.####..### # #.!#
#..# #..# #..# #..#


You could see Sigmund.

Vanquished Creatures
  An adder (D:2)
  A gnoll (D:1)
  2 dart slugs (D:1)
  3 giant cockroaches (D:1)
  3 goblins
  A hobgoblin (D:1)
  4 jackals (D:1)
  A kobold (D:1)
  A quokka (D:1)
  A ball python (D:1)
  2 bats (D:1)
  A frilled lizard (D:1)
  3 rats
24 creatures vanquished.

Notes
Turn   | Place    | Note
-------+----------+-------------------------------------------
     0 | D:1      | KamiKatze the Deep Elf Conjurer began the quest for the
                  | Orb.
     0 | D:1      | Reached XP level 1. HP: 10/10 MP: 6/6
   280 | D:1      | Reached XP level 2. HP: 15/15 MP: 6/8
   283 | D:1      | Learned a level 2 spell: Searing Ray
   374 | D:1      | Found a faded altar of an unknown god.
   435 | D:1      | Reached skill level 1 in Hexes
   653 | D:1      | Reached skill level 1 in Translocations
   767 | D:1      | Reached XP level 3. HP: 16/19 MP: 7/10
  1048 | D:2      | Noticed Sigmund
  1055 | D:2      | Succumbed to Sigmund's poison

Illustrated notes

Levels and vault maps discovered:
D:1:      reono_arrival_forest_river, layout_basic,
          shapermc_ecumenical_altar_totnotflames, minmay_pentomino_q2
D:2:      layout_loops_ring, minmay_box_of_dots, uniq_robin, uniq_sigmund,
          uniq_jessica

Skill      XL: |  1  2 |
---------------+-------+-----
Hexes          | 1 |  1.6
Translocations | 1 |  1.2
Dodging        | |  2.6
Stealth        | |  2.7
Spellcasting   | |  3.6
Conjurations   | |  4.7

Action                   || total
-------------------------++-------
Melee: Unarmed           ||    16
       Dagger            ||    15
       Punch             ||     1
 Cast: Magic Dart        ||    34
       Searing Ray       ||     3
 Stab: Sleeping          ||     1
Armor: Robe              ||     5
Dodge: Dodged            ||    32
